Cogmind - Beta 15 @@@ ROGUE MODE // 2025.09.01 @ 14:59:03 Player: C0-2MO Result: Destroyed by C-35 Carver with Carbide Saw Performance ------------- Evolutions (7) 3500 Regions Visited (19) 3800 Robots Destroyed (90) 450 Value Destroyed (2745) 2745 Prototype IDs (38) 760 Alien Tech Used (0) 0 Bonus (3443) 3443 TOTAL SCORE: 14698 Bonus ------- High Alert Combat Kills 28 Follower Combat Kills 915 Entered Garrisons 400 Used RIF Installer 500 Network Hubs Disabled 200 Registered with UFD 300 Met Optimus in HQ 500 Met Zhirov 300 Read Decrypted Archives 300 Cogmind --------- Core Integrity 0/1300 Matter 55/300 Energy 100/100 System Corruption 8% Temperature Cool (9) Movement Core (50) Location -3/Armory Parts ------- > --- POWER (2) -------- (None) > --- PROPULSION (8) --- (None) > --- UTILITY (9) ------ Weight Redist. System Advanced Signal Interpreter ECM Suite Graphene Brace > --- WEAPON (2) ------- (None) > --- INVENTORY (5) ---- Experimental Signal Interpreter Experimental Terrain Scan Processor Stasis Canceller Authchip [Device] Peak State ------------ > --- POWER ------------ Light Angular Momentum Engine Micro Fission Core > --- PROPULSION ------- Field Propulsion Drive Field Propulsion Drive Nuclear Pulse Array Flightbrick > --- UTILITY ---------- Large Storage Unit Long-range Sensor Array Experimental Signal Interpreter ECM Suite Experimental Propulsion Shielding Graphene Brace Improved Hacking Suite Advanced Hacking Suite Improved System Shield Improved System Guard > --- WEAPON ----------- Long-range Missile Launcher Advanced Datajack > --- INVENTORY -------- Light Nuclear Core Nuclear Pulse Array Nuclear Pulse Array Diametric Drive Structural Scanner Long-range Sensor Array Experimental Terrain Scan Processor Stasis Canceller Advanced Transmission Jammer Authchip [Device] Matter Neutralizer Chainsword Makeshift Sword [Rating: 144] Favorites ----------- Power Micro Fission Core Engine Light Ion Engine Power Core Micro Fission Core Reactor Light Antimatter Reactor Propulsion Field Propulsion Drive Treads Spiked Treads Wheel Wheel Flight Unit Field Propulsion Drive Utility Hacking Suite Device Structural Scanner Storage Large Storage Unit Processor Experimental Signal Interpreter Hackware Hacking Suite Protection Scrap Shield Weapon Makeshift Sword Energy Gun EM Pulse Gun Energy Cannon Matter Neutralizer Ballistic Gun Battle Rifle Launcher Grenade Launcher Special Weapon Improved Remote Datajack Slashing Weapon Makeshift Sword Special Melee Weapon Advanced Datajack Build | -11 -10 -10 -7 -7 -5 -5 -5 -5 -5 -5 -5 -5 -5 -4 -4 -4 -4 -3 -3 ------- Run | Yrd Mat Sub Rec Scr Fac Was Fac Gar Fac Ext Cet Arc Hub Fac Was Fac Gar Res Arm Slots Evolved 14 | . . . . . 10 . . . . . . . . 2 . . . 2 . Power 1 | . . . . . 1 . . . . . . . . . . . . . . Propulsion 6 | . . . . . 5 . . . . . . . . 1 . . . . . Utility 7 | . . . . . 4 . . . . . . . . 1 . . . 2 . Weapon . | . . . . . . . . . . . . . . . . . . . . Parts Attached 130 | 7 10 12 1 10 19 . 6 2 5 5 1 2 1 15 . 3 4 17 10 Power 14 | 2 . . . 1 2 . . 1 1 2 . . . 1 . . . 3 1 Engine 6 | 2 . . . . 1 . . 1 . 1 . . . 1 . . . . . Core 5 | . . . . 1 1 . . . 1 1 . . . . . . . 1 . Reactor 3 | . . . . . . . . . . . . . . . . . . 2 1 Propulsion 25 | 2 2 3 . 2 4 . 1 . . 1 . . . 1 . . 2 4 3 Treads 3 | 1 1 1 . . . . . . . . . . . . . . . . . Leg . | . . . . . . . . . . . . . . . . . . . . Wheel 5 | 1 1 2 . 1 . . . . . . . . . . . . . . . Hover . | . . . . . . . . . . . . . . . . . . . . Flight 17 | . . . . 1 4 . 1 . . 1 . . . 1 . . 2 4 3 Utility 65 | 1 3 3 1 6 11 . 5 1 3 . 1 2 . 11 . 3 1 9 4 Device 23 | 1 2 . 1 1 3 . . 1 2 . . . . 4 . 2 1 4 1 Storage 7 | . 1 . . 3 1 . . . . . . . . 1 . . . . 1 Processor 8 | . . . . . 3 . 2 . . . . . . 1 . 1 . 1 . Hackware 16 | . . . . 1 4 . 2 . 1 . . 2 . 3 . . . 2 1 Protection 11 | . . 3 . 1 . . 1 . . . 1 . . 2 . . . 2 1 Artifact . | . . . . . . . . . . . . . . . . . . . . Weapon 26 | 2 5 6 . 1 2 . . . 1 2 . . 1 2 . . 1 1 2 Energy Gun 5 | 1 3 1 . . . . . . . . . . . . . . . . . Energy Cannon 1 | . . . . . . . . . . . . . . 1 . . . . . Ballistic Gun 6 | 1 . 5 . . . . . . . . . . . . . . . . . Ballistic Cannon . | . . . . . . . . . . . . . . . . . . . . Launcher 3 | . 1 . . 1 . . . . . . . . . . . . 1 . . Special Weapon 3 | . . . . . . . . . . 2 . . 1 . . . . . . Impact Weapon . | . . . . . . . . . . . . . . . . . . . . Slashing Weapon 5 | . 1 . . . 1 . . . . . . . . . . . . 1 2 Piercing Weapon . | . . . . . . . . . . . . . . . . . . . . Special Melee Weapon 3 | . . . . . 1 . . . 1 . . . . 1 . . . . . Unidentified Prototypes 4 | . . . . . . . . . . . . . . . . . . 3 1 Parts Lost 53 | . 6 1 . . . . 2 . 1 3 . . 4 2 . . 8 10 16 Power 9 | . 1 . . . . . . . 1 1 . . 1 . . . 1 2 2 Propulsion 17 | . 2 1 . . . . 1 . . 1 . . . . . . 2 3 7 Utility 18 | . 1 . . . . . . . . . . . 2 2 . . 5 3 5 Weapon 9 | . 2 . . . . . 1 . . 1 . . 1 . . . . 2 2 Highest Loss Streak 15 | . 3 1 . . . . 1 . 1 2 . . 2 3 . . 8 5 15 To Critical Strikes . | . . . . . . . . . . . . . . . . . . . . Average Backups 7 | 2 6 4 2 4 6 11 9 11 11 10 11 11 11 10 12 12 12 12 10 Power . | . 1 . . . . 1 . . . . . . 1 . . . 1 1 . Propulsion 1 | 1 2 . 1 1 . 3 2 3 3 2 2 2 2 2 3 2 2 2 . Utility 3 | . 1 1 1 2 1 3 2 3 3 4 5 5 4 4 5 5 6 6 7 Weapon 1 | . 1 2 . . 1 3 3 3 2 2 2 2 2 2 3 3 3 2 1 Tool/Special . | . . . . . . . . . . . . . . . . . . . . Unused Backups 16 | . 1 5 . . . . . . 2 . . . . 2 . 3 . . 3 Power 1 | . . 1 . . . . . . . . . . . . . . . . . Propulsion 5 | . . 2 . . . . . . . . . . . 1 . 2 . . . Utility 6 | . . 1 . . . . . . . . . . . 1 . 1 . . 3 Weapon 3 | . 1 1 . . . . . . 1 . . . . . . . . . . Tool/Special 1 | . . . . . . . . . 1 . . . . . . . . . . Average Slot Usage (%) 75 | . 80 80 71 71 61 75 79 80 81 83 80 80 76 78 81 80 79 71 55 Engine 7 | . 4 13 14 8 4 5 5 8 8 4 5 5 5 3 4 4 4 . . Core 2 | . . . . 5 5 5 5 1 1 5 5 5 5 4 4 4 3 . . Treads 5 | . 13 10 14 8 . . . . . . . . . . . . . . . Wheel 4 | . 11 13 . 4 . . . . . . . . . . . . . . . Flight 9 | . . . . . 15 20 20 20 20 19 20 20 20 17 18 18 18 19 17 Device 7 | . 13 . . . 5 10 10 10 11 10 5 5 12 14 13 13 13 22 15 Storage 4 | . 11 . . 6 5 5 5 5 5 5 5 5 5 4 4 4 4 4 3 Processor 2 | . . . . . 3 5 5 5 5 5 5 5 5 8 9 8 8 2 4 Hackware 7 | . . . . 1 15 15 18 20 20 20 20 20 17 13 13 13 12 2 2 Protection 5 | . . 13 13 7 . . . 5 3 5 10 10 2 1 4 3 3 1 1 Energy Gun 1 | . 9 . . . . . . . . . . . . . . . . . . Ballistic Gun 6 | . 3 18 14 12 . . . . . . . . . . . . . . . Launcher 4 | . 5 1 14 13 . . . . . . . . . . . . . . . Slashing Weapon 3 | . 4 6 . . 4 5 5 5 5 4 5 5 4 3 4 4 3 3 2 Special Melee Weapon 1 | . . . . . . 5 5 . 1 . . . . 2 4 4 4 3 . Peak Build Rating 144 | 6 7 13 13 28 95 94 108 107 112 115 111 116 114 142 140 141 144 129 104 Average Rating 61 | 4 5 11 12 16 79 94 98 103 107 111 111 112 109 134 140 137 136 113 80 On Entrance 79 | . 6 7 13 13 28 94 94 107 102 111 109 111 114 97 140 140 137 75 83 Naked Turns . | . . . . . . . . . . . . . . . . . . . . Heaviest Build 54 | 9 30 28 26 54 53 34 36 35 39 41 42 42 41 51 43 45 49 54 48 Greatest Support 56 | 10 20 36 20 28 42 42 42 38 38 42 42 42 42 51 44 44 53 55 56 Greatest Overweight (x) 9 | . 2 2 1 9 1 . . . 1 1 . . . . . 1 1 . 2 Average Overweight (x) . | . . 1 . . . . . . . . . . . . . . . . . Largest Inventory Capacity 20 | 5 15 15 5 20 20 15 15 15 15 15 15 15 15 15 15 15 15 15 15 Average Capacity 11 | 5 13 5 5 11 12 15 15 15 15 15 15 15 15 15 15 15 15 15 12 Most Carried 16 | 4 9 9 5 16 15 15 15 15 15 15 14 15 15 15 15 15 15 15 14 Average Carried 9 | 2 6 4 5 8 9 15 13 15 14 13 14 14 14 13 15 14 14 13 10 Final Capacity 20 | 5 15 5 5 20 15 15 15 15 15 15 15 15 15 15 15 15 15 15 5 Final Carried 15 | 4 9 5 5 14 15 15 15 15 15 14 14 15 14 15 15 15 12 15 4 Class Distribution -------------------- 41% | Mutant 16% | Hacker-Ninja 14% | Hacker-Scout 7% | Derelict-Mutant 5% | Hacker-Mutant Dominant Class ---------------- Mutant | -10/Materials Mutant | -10/Subcaves Mutant | -7/Recycling Mutant | -7/Scraptown Hacker-Mutant | -5/Factory Hacker-Scout | -5/Waste Hacker-Scout | -5/Factory Hacker-Mutant | -5/Garrison Hacker-Scout | -5/Factory Hacker-Scout | -5/Extension Hacker-Sprinter | -5/Cetus Hacker-Sprinter | -5/Archives Hacker-Ninja | -5/Hub_04(d) Hacker-Ninja | -4/Factory Hacker-Ninja | -4/Waste Hacker-Ninja | -4/Factory Hacker-Mutant | -4/Garrison Infiltrator-Ninja | -3/Research Sprinter | -3/Armory Resources | -11 -10 -10 -7 -7 -5 -5 -5 -5 -5 -5 -5 -5 -5 -4 -4 -4 -4 -3 -3 ----------- Run | Yrd Mat Sub Rec Scr Fac Was Fac Gar Fac Ext Cet Arc Hub Fac Was Fac Gar Res Arm Matter Collected 2791 | 278 255 513 29 108 430 . . 26 229 411 . 30 10 101 . 92 53 187 39 Remotely . | . . . . . . . . . . . . . . . . . . . . Salvage Created 2612 | 84 530 450 113 . 439 . . 26 27 407 . 111 . 52 . 92 14 239 28 Parts 168 | 3 30 28 11 . 43 . . 2 2 10 . 10 . . . 7 1 19 2 Haulers Intercepted 2 | . 1 . . . 1 . . . . . . . . . . . . . . Recyclers Shooed . | . . . . . . . . . . . . . . . . . . . . Parts Field Recycled . | . . . . . . . . . . . . . . . . . . . . Retrieved Matter . | . . . . . . . . . . . . . . . . . . . . Parts Self-Destructed 6 | . . 6 . . . . . . . . . . . . . . . . . Prevented . | . . . . . . . . . . . . . . . . . . . . Kills | -11 -10 -10 -7 -7 -5 -5 -5 -5 -5 -5 -5 -5 -5 -4 -4 -4 -4 -3 -3 ------- Run | Yrd Mat Sub Rec Scr Fac Was Fac Gar Fac Ext Cet Arc Hub Fac Was Fac Gar Res Arm Combat Hostiles Destroyed 61 | . 14 12 1 . 15 . . . 1 5 . . . 1 . 3 1 7 1 Melee 8 | . 1 . . . . . . . 1 2 . . . . . 3 . . 1 Guns 17 | . 7 9 1 . . . . . . . . . . . . . . . . AOE 35 | . 6 3 . . 15 . . . . 3 . . . . . . 1 7 . Classes Destroyed 16 | 2 6 3 1 . 2 . . . . . . . . 1 . . 1 . . Worker 3 | . . . . . 2 . . . . . . . . . . . . 1 . Builder 11 | . 1 . 3 . 5 . . . . . . . . . . 1 . 1 . Tunneler 2 | 1 . . . . . . . . . . . . . . . . . 1 . Hauler 2 | . 1 . . . 1 . . . . . . . . . . . . . . Recycler 2 | 1 . . . . . . . . . 1 . . . . . . . . . Mechanic 1 | . . . . . 1 . . . . . . . . . . . . . . Operator 4 | . 2 . . . 1 . . 1 . . . . . . . . . . . Turret 2 | . . 2 . . . . . . . . . . . . . . . . . Watcher 2 | . 1 . . . . . . . . . . . . . . . . 1 . Swarmer 32 | . 3 3 . . 15 . . . 1 . . . . . . 3 . 7 . Cutter 2 | . . . . . . . . . . . . . . . . . 1 . 1 Grunt 15 | . 11 . . . . . . . . 4 . . . . . . . . . Sentry 2 | . . . 1 . . . . . . 1 . . . . . . . . . Programmer 1 | . . . . . . . . . . . . . . 1 . . . . . Artisan 2 | . . 2 . . . . . . . . . . . . . . . . . Subdweller 9 | . . 9 . . . . . . . . . . . . . . . . . Best Kill Streak 6 | 2 5 4 3 . 6 . . 1 1 3 . . . 1 . 2 1 5 1 Combat Bots Only 5 | . 3 4 1 . 5 . . . 1 3 . . . 1 . 2 1 4 1 Max Kills in Single Turn 6 | 1 1 3 2 . 6 . . 1 1 1 . . . 1 . 1 1 3 1 Gunslinging . | . . . . . . . . . . . . . . . . . . . . Exploded 5 | . 1 3 . . 5 . . . . 1 . . . . . . 1 3 . Melee 1 | . 1 . . . . . . . 1 1 . . . . . 1 . . 1 Uniques/NPCs Destroyed . | . . . . . . . . . . . . . . . . . . . . Combat | -11 -10 -10 -7 -7 -5 -5 -5 -5 -5 -5 -5 -5 -5 -4 -4 -4 -4 -3 -3 -------- Run | Yrd Mat Sub Rec Scr Fac Was Fac Gar Fac Ext Cet Arc Hub Fac Was Fac Gar Res Arm Hostile Shots Fired 768 | . 96 110 27 . 50 . 19 10 12 29 9 . 25 64 . 23 42 120 132 Missed 344 | . 34 41 12 . 33 . 7 8 6 12 2 . 13 29 . 9 15 59 64 Hits 424 | . 62 69 15 . 17 . 12 2 6 17 7 . 12 35 . 14 27 61 68 Melee 26 | . . . . . . . . . . . . . . . . . 4 . 22 Projectile 398 | . 62 69 15 . 17 . 12 2 6 17 7 . 12 35 . 14 23 61 46 AOE 10 | . . . . . . . . . . . . . 1 . . . 2 . 7 Critical Strikes 20 | . . 2 . . 1 . 1 . . . . . 1 1 . . 2 1 11 Actively Blocked 14 | . . . . . . . . . . . . . . . . . 2 1 11 Part Disruptions 1 | . . . . . . . . . . . . . . . . . . 1 . Damage Taken 8988 | . 734 1024 125 . 331 . 384 39 95 430 181 . 620 843 . 257 787 1180 1958 Core 2056 | . 114 118 11 . 40 . 44 . 29 . 57 . 12 141 . 18 172 248 1052 Absorbed by Shields 9 | . . . . . . . . . . 9 . . . . . . . . . Redirected to Shielding 564 | . . . . . . . . 13 20 11 . . 89 164 . 92 59 . 116 Regen/Repaired (Parts) 210 | . . . . 75 . . 38 . . . . . . 97 . . . . . Core Remaining (%) 63 | 100 . . . 2 . . . . . . . . 81 . . . 71 . . Volleys Fired 177 | 8 64 52 7 . 4 . . . . 31 . . . 4 . . 3 4 . Largest 2 | 2 2 2 2 . 1 . . . . 1 . . . 1 . . 1 1 . Hottest 105 | 70 80 105 55 . 43 . . . . 43 . . . 105 . . 43 105 . Shots Fired 271 | 16 109 89 11 . 4 . . . . 31 . . . 4 . . 3 4 . Gun 200 | 16 98 81 5 . . . . . . . . . . . . . . . . Cannon 5 | . . . . . . . . . . . . . . 4 . . . 1 . Launcher 39 | . 11 8 6 . 4 . . . . 4 . . . . . . 3 3 . Special 27 | . . . . . . . . . . 27 . . . . . . . . . Kinetic 122 | 8 30 79 5 . . . . . . . . . . . . . . . . Thermal 43 | 8 28 2 . . . . . . . . . . . 4 . . . 1 . Explosive 39 | . 11 8 6 . 4 . . . . 4 . . . . . . 3 3 . Electromagnetic 40 | . 40 . . . . . . . . . . . . . . . . . . Robot Hit Streak 22 | 6 12 22 5 . 1 . . . . 6 . . . . . . 1 4 . Robot Miss Streak 3 | 1 3 3 1 . 1 . . . . 2 . . . . . . 2 . . Penetration Max . | . . . . . . . . . . . . . . . . . . . . Secondary Targets 1 | . . 1 . . . . . . . . . . . . . . . . . Max Gunslinging Chain 1 | . . 1 . . . . . . . . . . . . . . . . . Shots Hit Robots 250 | 12 74 70 8 . 15 . 3 1 1 35 . 4 . 7 . 7 2 8 3 Core Hits 132 | 3 37 28 7 . 22 . . 1 1 14 . 1 . . . 3 2 12 1 Critical Kills . | . . . . . . . . . . . . . . . . . . . . Critical Parts Destroyed 1 | . . 1 . . . . . . . . . . . . . . . . . Critical Strikes 10 | . 2 2 . . 1 . . . . 3 . . . . . 1 . . 1 Burn 2 | . 2 . . . . . . . . . . . . . . . . . . Destroy 2 | . . 2 . . . . . . . . . . . . . . . . . Sever 6 | . . . . . 1 . . . . 3 . . . . . 1 . . 1 Melee Attacks 436 | . 13 35 . . 87 . 25 9 34 30 5 4 4 52 . 45 27 41 25 Impact . | . . . . . . . . . . . . . . . . . . . . Slashing 423 | . 13 35 . . 87 . 24 9 33 26 5 4 4 48 . 45 25 40 25 Piercing . | . . . . . . . . . . . . . . . . . . . . Sneak Attacks 28 | . . 4 . . 9 . 1 1 . 6 . . . 3 . 1 . 3 . Combat Hostiles 3 | . . 1 . . . . . . . 1 . . . 1 . . . . . Follow-up Attacks . | . . . . . . . . . . . . . . . . . . . . Damage Inflicted 8879 | 127 1440 1512 215 . 2251 . 83 93 36 980 . 373 . 194 . 304 168 981 122 Guns 1992 | 127 702 1109 54 . . . . . . . . . . . . . . . . Cannons . | . . . . . . . . . . . . . . . . . . . . Explosions 3863 | . 644 261 161 . 1319 . . . . 607 . . . . . . 168 703 . Melee 3016 | . 94 142 . . 932 . 83 93 36 373 . 373 . 194 . 304 . 278 114 Ramming 8 | . . . . . . . . . . . . . . . . . . . 8 Kinetic 1305 | 38 130 1083 54 . . . . . . . . . . . . . . . . Thermal 769 | 89 457 26 . . 197 . . . . . . . . . . . . . . Explosive 3486 | . 464 261 161 . 1122 . . . . 607 . . . . . . 168 703 . Electromagnetic 295 | . 295 . . . . . . . . . . . . . . . . . . Impact . | . . . . . . . . . . . . . . . . . . . . Slashing 3016 | . 94 142 . . 932 . 83 93 36 373 . 373 . 194 . 304 . 278 114 Piercing . | . . . . . . . . . . . . . . . . . . . . Highest Corruption 16 | . . . . . . 9 9 9 9 . . . 6 2 8 8 16 3 8 Average Corruption 5 | . . . . . . 9 9 9 6 . . . 3 1 3 8 14 1 3 Corruption Purged 14 | . . . . . . . . . 9 . . . . . . 5 . . . Corruption Blocked . | . . . . . . . . . . . . . . . . . . . . Effects 56 | . . . . . . 1 17 2 16 . . . . 7 . 5 2 2 4 Message Errors 8 | . . . . . . . 3 . 2 . . . . . . 1 . . 2 Matter Fused 21 | . . . . . . . 6 . 6 . . . . 5 . 1 . 1 2 Heat Flow Errors 9 | . . . . . . . 3 . 1 . . . . 1 . 2 1 1 . Energy Discharges 5 | . . . . . . . 1 2 2 . . . . . . . . . . Parts Rejected 1 | . . . . . . 1 . . . . . . . . . . . . . Data Loss (minor) 7 | . . . . . . . 3 . 3 . . . . . . 1 . . . Data Loss (major) 3 | . . . . . . . . . 2 . . . . 1 . . . . . Alerts 1 | . . . . . . . 1 . . . . . . . . . . . . Misdirections 1 | . . . . . . . . . . . . . . . . . 1 . . Overload Shots . | . . . . . . . . . . . . . . . . . . . . Overflow Damage 793 | . 28 . 28 . 322 . . . . 12 . 165 . 26 . 70 50 92 . Projectiles . | . . . . . . . . . . . . . . . . . . . . Explosions 294 | . 28 . 28 . 143 . . . . 12 . . . . . . 50 33 . Melee 499 | . . . . . 179 . . . . . . 165 . 26 . 70 . 59 . Knockbacks . | . . . . . . . . . . . . . . . . . . . . Impact . | . . . . . . . . . . . . . . . . . . . . Kinetic . | . . . . . . . . . . . . . . . . . . . . Secondary . | . . . . . . . . . . . . . . . . . . . . Self-Inflicted Damage 186 | . . . 15 . 31 . . . . 37 . . . . . . 70 30 3 Shots 6 | . . . 2 . 1 . . . . 1 . . . . . . 1 1 . Rammed 4 | . . . . . . . . . . . . . . . . . . . 4 Targets Rammed 4 | . . . . . . . . . . . . . . . . . . . 4 Kicked . | . . . . . . . . . . . . . . . . . . . . Crushed . | . . . . . . . . . . . . . . . . . . . . Highest Temperature 305 | 100 236 5 32 . 119 103 268 11 147 41 64 36 115 305 . 137 125 265 51 Average Temperature 44 | 50 64 5 14 . 20 59 58 3 32 10 28 14 46 106 . 56 64 90 16 Received Heat Transfer 1225 | . 378 213 36 . 63 . 66 18 . 85 36 . 63 45 . 27 18 102 75 Effects 6 | . 2 . . . . . 2 . . . . . . . . . . 2 . Interference 6 | . 2 . . . . . 2 . . . . . . . . . . 2 . Siege Activations . | . . . . . . . . . . . . . . . . . . . . Martial Activations . | . . . . . . . . . . . . . . . . . . . . Shielding Activations . | . . . . . . . . . . . . . . . . . . . . Robots Disrupted . | . . . . . . . . . . . . . . . . . . . . Combat Hostiles . | . . . . . . . . . . . . . . . . . . . . Robots Corrupted . | . . . . . . . . . . . . . . . . . . . . Combat Hostiles . | . . . . . . . . . . . . . . . . . . . . Parts Fried 2 | . 2 . . . . . . . . . . . . . . . . . . Impact Corruptions . | . . . . . . . . . . . . . . . . . . . . Robots Melted . | . . . . . . . . . . . . . . . . . . . . Combat Hostiles . | . . . . . . . . . . . . . . . . . . . . Parts Melted 2 | . 2 . . . . . . . . . . . . . . . . . . Heat Transferred 1583 | 259 1112 62 . . 150 . . . . . . . . . . . . . . Parts Sabotaged 1 | . . . . . . . . . . . . . . . . . 1 . . Parts Stolen . | . . . . . . . . . . . . . . . . . . . . Parts Stripped . | . . . . . . . . . . . . . . . . . . . . Power Chain Reactions 4 | . 3 . . . . . . . . . . . . . . . . . 1 Alert | -11 -10 -10 -7 -7 -5 -5 -5 -5 -5 -5 -5 -5 -5 -4 -4 -4 -4 -3 -3 ------- Run | Yrd Mat Sub Rec Scr Fac Was Fac Gar Fac Ext Cet Arc Hub Fac Was Fac Gar Res Arm Maximum Alert Level 2 | . . . . . 2 . . . . 2 . . . . . . . 2 1 Low Security (%) 82 | 100 100 . 100 . 50 100 100 100 100 36 100 100 100 100 100 100 100 9 73 Level 1 14 | . . . . . 27 . . . . 59 . . . . . . . 85 26 Level 2 3 | . . . . . 22 . . . . 3 . . . . . . . 4 . Level 3 . | . . . . . . . . . . . . . . . . . . . . Level 4 . | . . . . . . . . . . . . . . . . . . . . Level 5 . | . . . . . . . . . . . . . . . . . . . . High Security . | . . . . . . . . . . . . . . . . . . . . Max Security . | . . . . . . . . . . . . . . . . . . . . Peak Influence 657 | 5 94 . 152 . 657 137 103 55 102 413 21 10 45 42 2 63 180 427 225 Initial 210 | . . . 122 . . 137 88 9 7 24 16 4 . . 2 . . 98 210 Average 89 | . 29 . 57 . 228 136 44 34 17 239 12 4 16 6 1 10 99 285 165 Influence Increases 5941 | 10 537 325 207 . 1347 . 206 71 295 1049 15 15 66 255 . 209 255 778 301 Destroy 0b10 Robot/C 1680 | . 280 100 20 . 340 . . . 20 520 . . . 20 . 60 20 240 60 Destroy 0b10 Robot/NC 170 | 10 25 . 15 . 55 . . 5 . 10 . 15 . . . 5 . 25 5 Destroy Leader 212 | . 64 . . . 42 . . . . 52 . . . 10 . . . 32 12 Allied During Kill 346 | . . . . . . . . 1 . 311 . . . . . . . 34 . Trap Triggered on 0b10 10 | . . . . . . . . . . . . . . . . . . 10 . Successful Hack 497 | . 19 . 24 . 55 . 61 8 67 20 . . 15 126 . 71 . 24 7 Select Force Hacks 230 | . 30 . 120 . 30 . . . . . . . . . . . . . 50 Disable Machine 180 | . 15 . . . 45 . . 15 . 15 15 . . . . 15 30 15 15 Anti-Garrison Action 50 | . . . . . . . . . . . . . . . . . 50 . . Destroy Structure 1006 | . 44 . 28 . 240 . 40 27 58 106 . . 6 84 . 58 125 158 32 Partial Spotted 285 | . . . . . 60 . . . 30 . . . 45 15 . . 30 90 15 Lose Combat Pursuer 1275 | . 60 225 . . 480 . 105 15 120 15 . . . . . . . 150 105 Influence Decreases 5830 | 10 498 108 456 7 955 265 319 70 260 1068 35 26 66 247 8 209 80 551 592 Entered New Map 790 | . . 19 134 7 . 255 39 5 8 26 15 7 . . 6 . . 77 192 Time Decay 2940 | 10 446 89 322 . 315 10 250 . 202 342 20 19 45 225 2 209 . 294 140 Search Patrol Dispatched 150 | . . . . . 150 . . . . . . . . . . . . . . Lost Part 453 | . 52 . . . . . 20 . . 30 . . 11 . . . 80 100 160 Lost Ally 897 | . . . . . 40 . 10 65 50 520 . . 10 22 . . . 80 100 Purge Threat 600 | . . . . . 450 . . . . 150 . . . . . . . . . Squads Dispatched 80 | . 4 . . . 13 . 12 . 9 3 . . 5 14 . 7 . 8 5 Investigation 45 | . 2 . . . 9 . 9 . 6 1 . . . 8 . 5 . 3 2 Extermination 16 | . . . . . 2 . 2 . 3 . . . . 4 . 2 . 2 1 Reinforcement 13 | . 2 . . . 1 . . . . 2 . . 3 . . . . 3 2 Assault 5 | . . . . . 1 . . . . . . . 2 2 . . . . . Garrison 1 | . . . . . . . 1 . . . . . . . . . . . . Intercept . | . . . . . . . . . . . . . . . . . . . . Searches Triggered 1 | . . . . . 1 . . . . . . . . . . . . . . Construction Impeded 2 | . . . . . . . . . . . . . . . . . . 2 . Haulers Reinforced . | . . . . . . . . . . . . . . . . . . . . Active Scanning Responses . | . . . . . . . . . . . . . . . . . . . . Cargo Convoy Interrupts . | . . . . . . . . . . . . . . . . . . . . Stealth | -11 -10 -10 -7 -7 -5 -5 -5 -5 -5 -5 -5 -5 -5 -4 -4 -4 -4 -3 -3 --------- Run | Yrd Mat Sub Rec Scr Fac Was Fac Gar Fac Ext Cet Arc Hub Fac Was Fac Gar Res Arm Distress Signals 26 | . 4 . . . 2 . 2 . 1 3 1 . 1 5 . 1 . 5 1 Communications Jammed . | . . . . . . . . . . . . . . . . . . . . Distress Signals . | . . . . . . . . . . . . . . . . . . . . Times Spotted 412 | . 32 21 1 . 74 4 17 13 22 28 5 . 26 46 5 11 8 54 45 Peak Tracking Total 23 | . 4 5 1 . 11 6 8 13 6 5 5 . 16 12 5 3 5 11 23 Tactical Retreats 82 | . 5 4 . . 15 . 4 1 7 1 . . 2 14 . 7 3 12 7 Traps | -11 -10 -10 -7 -7 -5 -5 -5 -5 -5 -5 -5 -5 -5 -4 -4 -4 -4 -3 -3 ------- Run | Yrd Mat Sub Rec Scr Fac Was Fac Gar Fac Ext Cet Arc Hub Fac Was Fac Gar Res Arm Traps Triggered 12 | . 1 2 . . 2 . 1 . . . . . . 3 . 1 2 . . Indirectly . | . . . . . . . . . . . . . . . . . . . . Trap Hack Attempts 3 | . . . . . . . . . . . . . . . . . . 3 . Triggered . | . . . . . . . . . . . . . . . . . . . . Disarmed 2 | . . . . . . . . . 1 . . . . . . . . 1 . Reprogrammed 1 | . . . . . . . . . . . . . . . . . . 1 . Reused 1 | . . . . . . . . . . . . . . . . . . 1 . Traps Extracted . | . . . . . . . . . . . . . . . . . . . . Installed . | . . . . . . . . . . . . . . . . . . . . Triggered 1 | . . . . . . . . . . . . . . . . . . 1 . Machines | -11 -10 -10 -7 -7 -5 -5 -5 -5 -5 -5 -5 -5 -5 -4 -4 -4 -4 -3 -3 ---------- Run | Yrd Mat Sub Rec Scr Fac Was Fac Gar Fac Ext Cet Arc Hub Fac Was Fac Gar Res Arm Machines Disabled 21 | . 1 4 . . 3 . . 1 . 4 2 . . . . 1 3 1 1 Max in Single Turn 2 | . 1 2 . . 2 . . 1 . 2 1 . . . . 1 1 1 1 Garrison Access 13 | . . . . . 2 . 1 . 4 . . . 1 3 . 1 . 1 . Garrison Relay 1 | . . . . . . . . . . . . . . . . . 1 . . Network Hub 1 | . . . . . . . . . . . . . 1 . . . . . . Energy Cycler 1 | . . . . . . . . . . 1 . . . . . . . . . Machines Repaired . | . . . . . . . . . . . . . . . . . . . . Machines Dismantled . | . . . . . . . . . . . . . . . . . . . . Machines Sabotaged . | . . . . . . . . . . . . . . . . . . . . Overloaded Fab Kills . | . . . . . . . . . . . . . . . . . . . . Hacking | -11 -10 -10 -7 -7 -5 -5 -5 -5 -5 -5 -5 -5 -5 -4 -4 -4 -4 -3 -3 --------- Run | Yrd Mat Sub Rec Scr Fac Was Fac Gar Fac Ext Cet Arc Hub Fac Was Fac Gar Res Arm Machines Accessed 147 | . 9 2 5 2 22 . 21 1 24 7 2 1 4 22 . 14 . 7 4 Terminals 66 | . 7 . 1 . 11 . 8 1 10 6 2 . 3 9 . 6 . 1 1 Fabricators 14 | . . . . . . . 2 . 4 . . . . 3 . 1 . 2 2 Repair Stations 6 | . . . . . . . 2 . 1 . . . . 3 . . . . . Recycling Units 37 | . 2 . 4 . 8 . 6 . 4 1 . . . 4 . 4 . 3 1 Scanalyzers 5 | . . . . . 1 . 1 . 1 . . . . 1 . 1 . . . Garrison Access 14 | . . . . . 2 . 2 . 4 . . . 1 2 . 2 . 1 . Total Hacks 464 | . 24 4 6 6 56 . 62 2 75 21 2 8 16 103 . 52 . 16 11 Successful 322 | . 12 4 5 6 47 . 44 2 60 15 2 8 9 59 . 35 . 9 5 Failed 140 | . 12 . 1 . 9 . 17 . 14 6 . . 7 44 . 17 . 7 6 Catastrophic 12 | . . . . . . . 1 . 2 . . . . 6 . 2 . 1 . Database Lockouts 2 | . . . . . . . 1 . 1 . . . . . . . . . . Manual 282 | . 22 . 6 1 37 . 37 1 44 14 . . 14 62 . 28 . 7 9 Terminals 286 | . 21 . 2 . 38 . 36 2 48 20 2 . 15 65 . 29 . 3 5 Fabricators 45 | . . . . . . . 5 . 9 . . . . 17 . 2 . 7 5 Repair Stations 9 | . . . . . . . 3 . 1 . . . . 5 . . . . . Recycling Units 49 | . 3 . 4 . 9 . 11 . 6 1 . . . 4 . 6 . 4 1 Scanalyzers 31 | . . . . . 7 . 3 . 3 . . . . 8 . 10 . . . Garrison Access 26 | . . . . . 2 . 4 . 8 . . . 1 4 . 5 . 2 . Terminal Hacks 106 | . . 4 . 6 15 . 12 2 19 11 2 8 4 14 . 8 . . 1 Record 18 | . . 3 . 5 . . . . . . 1 8 . 1 . . . . . Part Schematic 16 | . . . . . 3 . 4 . 4 2 . . . 2 . 1 . . . Robot Schematic 2 | . . . . . . . 1 . . 1 . . . . . . . . . Robot Analysis 5 | . . . . . . . 1 . 2 1 . . . 1 . . . . . Prototype ID Bank 4 | . . . . . . . 1 . 1 . . . . 1 . 1 . . . Open Door 5 | . . . . . . . . . 1 3 1 . . . . . . . . Branch Access Points 2 | . . . . . . . 1 . 1 . . . . . . . . . . Emergency Access Points 2 | . . . . . . . . 1 . . . . 1 . . . . . . Machine Index 1 | . . . . . . . . . . . . . . 1 . . . . . Terminal Index 6 | . . . . . 1 . 1 . 1 . . . 1 1 . 1 . . . Fabricator Index 3 | . . . . . . . 1 . . . . . . 1 . 1 . . . Garrison Index 2 | . . . . . . . 1 . . . . . 1 . . . . . . Unreport Threat 4 | . . . . . 3 . . . . 1 . . . . . . . . . Locate Traps 6 | . . . . . 2 . . . 1 1 . . . 1 . 1 . . . Disarm Traps 1 | . . . . . . . . . 1 . . . . . . . . . . Dispatch Records 2 | . . . . . . . . . 1 . . . . . . 1 . . . Reinforcement Status 1 | . . . . . . . . . 1 . . . . . . . . . . Recall Extermination 5 | . . . . . 1 . 1 . 1 . . . . 2 . . . . . Recall Assault 1 | . . . . . 1 . . . . . . . . . . . . . . Registered Components 4 | . . . . . 1 . . . 1 . . . . 1 . 1 . . . Registered Prototypes 1 | . . . . . . . . . . . . . . 1 . . . . . Zone Layout 12 | . . . . . 3 . . . 3 2 . . 1 1 . 1 . . 1 Garrison Registry 1 | . . . . . . . . 1 . . . . . . . . . . . Proto ID Catalog 2 | . . 1 . 1 . . . . . . . . . . . . . . . Fabricator Hacks 18 | . . . . . . . 3 . 4 . . . . 7 . 1 . 3 . Load Schematic 11 | . . . . . . . 2 . 2 . . . . 4 . 1 . 2 . Build 7 | . . . . . . . 1 . 2 . . . . 3 . . . 1 . Repair Station Hacks 6 | . . . . . . . 2 . . . . . . 4 . . . . . Scan Component 3 | . . . . . . . 1 . . . . . . 2 . . . . . Repair 3 | . . . . . . . 1 . . . . . . 2 . . . . . Recycling Unit Hacks 1 | . 1 . . . . . . . . . . . . . . . . . . Retrieve Components 1 | . 1 . . . . . . . . . . . . . . . . . . Scanalyzer 23 | . . . . . 6 . 3 . 2 . . . . 5 . 7 . . . Insert Component 12 | . . . . . 3 . 1 . 1 . . . . 3 . 4 . . . Analyze 11 | . . . . . 3 . 2 . 1 . . . . 2 . 3 . . . Garrison Access Hacks 22 | . . . . . 2 . 2 . 8 . . . 1 4 . 3 . 2 . Unlock Access 3 | . . . . . . . 1 . . . . . 1 . . 1 . . . Seal Access 11 | . . . . . 2 . 1 . 4 . . . . 2 . 1 . 1 . Coupler Status 8 | . . . . . . . . . 4 . . . . 2 . 1 . 1 . Unauthorized Hacks 146 | . 11 . 5 . 24 . 22 . 27 4 . . 4 25 . 16 . 4 4 Terminals 94 | . 10 . 1 . 15 . 13 . 20 3 . . 4 16 . 10 . . 2 Track 8 | . . . . . 2 . 3 . 2 . . . . 1 . . . . . Assimilate 10 | . . . . . 2 . 1 . 5 . . . 1 1 . . . . . Botnet 33 | . 4 . . . 6 . 4 . 4 2 . . . 7 . 5 . . 1 Disrupt 2 | . . . . . . . . . 2 . . . . . . . . . . Operators 1 | . . . . . . . . . 1 . . . . . . . . . . Skim 40 | . 6 . 1 . 5 . 5 . 6 1 . . 3 7 . 5 . . 1 Fabricators 12 | . . . . . . . 2 . 2 . . . . 4 . 1 . 2 1 Prioritize 5 | . . . . . . . 1 . 1 . . . . 2 . . . 1 . Overload 1 | . . . . . . . . . . . . . . . . . . . 1 Recompile 6 | . . . . . . . 1 . 1 . . . . 2 . 1 . 1 . Repair Stations 3 | . . . . . . . 1 . 1 . . . . 1 . . . . . Mechanics 1 | . . . . . . . . . 1 . . . . . . . . . . Patch 2 | . . . . . . . 1 . . . . . . 1 . . . . . Recycling Units 34 | . 1 . 4 . 8 . 5 . 4 1 . . . 4 . 4 . 2 1 Tunnel 5 | . 1 . 4 . . . . . . . . . . . . . . . . Fedlink 27 | . . . . . 8 . 5 . 4 1 . . . 4 . 4 . 1 . Scrapoids 2 | . . . . . . . . . . . . . . . . . . 1 1 Scanalyzers 1 | . . . . . 1 . . . . . . . . . . . . . . Extract 1 | . . . . . 1 . . . . . . . . . . . . . . Garrison Access 2 | . . . . . . . 1 . . . . . . . . 1 . . . Reprogram 2 | . . . . . . . 1 . . . . . . . . 1 . . . Data Cores Recovered 1 | . . . . . 1 . . . . . . . . . . . . . . Used . | . . . . . . . . . . . . . . . . . . . . Hacking Detections 77 | . 7 . 1 . 13 . 11 1 13 3 . . 3 11 . 7 . 4 3 Full Trace Events 2 | . . . . . . . 1 . 1 . . . . . . . . . . Feedback Events . | . . . . . . . . . . . . . . . . . . . . Feedback Blocked . | . . . . . . . . . . . . . . . . . . . . Robot Schematics Acquired 2 | . . . . . . . 1 . . 1 . . . . . . . . . Robots Built 6 | . . . . . . . . . 3 . . . . 3 . . . . . Authchips . | . . . . . . . . . . . . . . . . . . . . Time 228 | . . . . . . . . . 76 . . . . 152 . . . . . Total Robot Build Rating 30 | . . . . . . . . . 15 . . . . 15 . . . . . Part Schematics Acquired 27 | . . . . . 7 . 5 . 5 2 . . . 4 . 4 . . . Parts Built 6 | . . . . . . . 1 . 2 . . . . 2 . . . 1 . Authchips 5 | . . . . . . . 1 . 1 . . . . 2 . . . 1 . Time 192 | . . . . . . . 46 . 39 . . . . 76 . . . 31 . Total Part Build Rating 38 | . . . . . . . 7 . 14 . . . . 10 . . . 7 . Parts Repaired 3 | . . . . . . . 1 . . . . . . 2 . . . . . Time 106 | . . . . . . . 50 . . . . . . 56 . . . . . Parts Recycled . | . . . . . . . . . . . . . . . . . . . . Recycled Matter . | . . . . . . . . . . . . . . . . . . . . Retrieved Matter . | . . . . . . . . . . . . . . . . . . . . Retrieved Components . | . . . . . . . . . . . . . . . . . . . . Parts Scanalyzed 10 | . . . . . 3 . 1 . 1 . . . . 2 . 3 . . . Part Schematics Acquired 10 | . . . . . 3 . 1 . 1 . . . . 2 . 3 . . . Parts Damaged 3 | . . . . . . . 1 . . . . . . 1 . 1 . . . Bothacking | -11 -10 -10 -7 -7 -5 -5 -5 -5 -5 -5 -5 -5 -5 -4 -4 -4 -4 -3 -3 ------------ Run | Yrd Mat Sub Rec Scr Fac Was Fac Gar Fac Ext Cet Arc Hub Fac Was Fac Gar Res Arm Used RIF Installer 1 | . . . . . . . . 1 . . . . . . . . . . . Robots Hacked 6 | . . . . . . . . . . . . . . 4 . . 1 1 . Non-combat 1 | . . . . . . . . . . . . . . 1 . . . . . Combat . | . . . . . . . . . . . . . . . . . . . . Robot Hacks Applied 1 | . . . . . . . . . . . . . . 1 . . . . . find_station 1 | . . . . . . . . . . . . . . 1 . . . . . Manual 5 | . . . . . . . . . . . . . . 3 . . 1 1 . Relay Couplers Released 8 | . . . . . . . . . . . . . 1 3 . . 4 . . Machine Destruction 8 | . . . . . . . . . . . . . 1 3 . . 4 . . Fabnet Peak Effective % . | . . . . . . . . . . . . . . . . . . . . Robots Rewired 22 | . . . . . 2 . . . . 20 . . . . . . . . . Allies Hacked 1 | . . . . . . . . . . . . . . . . . . 1 . Hacks Repelled . | . . . . . . . . . . . . . . . . . . . . Allies | -11 -10 -10 -7 -7 -5 -5 -5 -5 -5 -5 -5 -5 -5 -4 -4 -4 -4 -3 -3 -------- Run | Yrd Mat Sub Rec Scr Fac Was Fac Gar Fac Ext Cet Arc Hub Fac Was Fac Gar Res Arm Total Allies 58 | . . . . . 4 . 5 . 7 28 . . 1 3 . . . 5 5 Largest Group 18 | . . . . . 2 . 4 4 5 18 . . 1 3 . . . 5 5 Highest-Rated Group 619 | . . . . . 59 . 116 116 123 619 . . 26 87 . . . 320 320 Highest-Rated Ally 159 | . . . . . 49 . 29 29 29 159 . . 26 29 . . . 64 64 Total Orders 3 | . . . . . . . . . . 3 . . . . . . . . . STAY 1 | . . . . . . . . . . 1 . . . . . . . . . FOLLOW 2 | . . . . . . . . . . 2 . . . . . . . . . Ally Attacks 288 | . . . . . 9 . 5 17 . 171 . . . 16 . . . 33 37 Total Damage 6319 | . . . . . 266 . 74 257 . 3817 . . . 256 . . . 690 959 Kills 36 | . . . . . 3 . . . . 23 . . . . . . . 7 3 Allies Corrupted . | . . . . . . . . . . . . . . . . . . . . Allies Melted 3 | . . . . . . . . 1 . 1 . . . 1 . . . . . Intel | -11 -10 -10 -7 -7 -5 -5 -5 -5 -5 -5 -5 -5 -5 -4 -4 -4 -4 -3 -3 ------- Run | Yrd Mat Sub Rec Scr Fac Was Fac Gar Fac Ext Cet Arc Hub Fac Was Fac Gar Res Arm Active Infowar (turns) 7320 | 10 151 . 7 45 1064 21 608 93 935 775 59 43 119 1104 21 1100 273 658 234 Sensors 6139 | . . . . . 188 21 607 10 927 775 59 43 119 1104 21 1100 273 658 234 Terrain 709 | . . . . . 709 . . . . . . . . . . . . . . Structural 5513 | . . . 7 . 36 21 580 93 926 775 . 2 119 1104 21 1100 80 649 . Seismic 102 | 10 92 . . . . . . . . . . . . . . . . . . Cloaking 371 | . . . . . . . . . . . . . . . . . . 371 . Jamming 2 | . . . . . . . . . . . . . . 1 . . . 1 . ECM 3633 | . 59 . . 45 320 . 13 . 57 . . . 64 1104 21 1098 260 361 231 Robot Analysis Total 5 | . . . . . . . 1 . 2 1 . . . 1 . . . . . Derelict Logs Recovered 3 | . . 2 . 1 . . . . . . . . . . . . . . . Drone Launches . | . . . . . . . . . . . . . . . . . . . . Drone Recoveries . | . . . . . . . . . . . . . . . . . . . . Exploration | -11 -10 -10 -7 -7 -5 -5 -5 -5 -5 -5 -5 -5 -5 -4 -4 -4 -4 -3 -3 ------------- Run | Yrd Mat Sub Rec Scr Fac Was Fac Gar Fac Ext Cet Arc Hub Fac Was Fac Gar Res Arm Turns Passed 14648 | 81 1545 2283 824 2734 1080 21 608 93 935 775 59 43 119 1104 21 1100 273 658 292 Spaces Moved 15498 | 56 766 1414 311 1505 2065 61 1286 138 1470 650 115 90 314 1952 60 1130 338 1287 490 Core 11 | 2 . . . 2 . . . . . . . . . . . . . . 7 Treads 1428 | . 196 259 311 662 . . . . . . . . . . . . . . . Legs . | . . . . . . . . . . . . . . . . . . . . Wheels 2607 | 54 570 1155 . 823 5 . . . . . . . . . . . . . . Hover . | . . . . . . . . . . . . . . . . . . . . Flight 11452 | . . . . 18 2060 61 1286 138 1470 650 115 90 314 1952 60 1130 338 1287 483 Fastest Speed 25 | 50 80 95 160 100 28 31 32 37 37 32 32 32 32 33 35 35 30 28 25 Average Speed 67 | 78 137 135 258 178 33 31 34 37 37 33 32 32 32 33 35 35 34 32 29 Slowest Speed 500 | 80 240 260 260 500 115 31 37 37 103 103 32 32 32 35 35 101 101 35 150 Overloaded Moves . | . . . . . . . . . . . . . . . . . . . . Propulsion Burnouts . | . . . . . . . . . . . . . . . . . . . . Robots Hopped 129 | . . . . . 20 . 11 2 11 9 3 . 9 27 1 2 1 23 10 Potential Cave-ins . | . . . . . . . . . . . . . . . . . . . . Cave-ins Triggered 2 | . . . . . . . . . . . . . 1 . . . 1 . . Exploration Rate (%) 53 | 3 99 66 63 87 49 64 39 26 49 74 61 73 34 52 74 39 38 39 35 Regions Visited 19 Branch Regions 8 Pre-discovered Areas 18 | . 2 1 4 2 1 . 3 . 3 . . . . 1 . 1 . . . Known Exits Taken 9 | . . 1 . . . . 1 . 1 1 1 1 1 . . 1 . 1 . Unknown Exits Taken 4 | 1 1 . 1 1 . . . . . . . . . . . . . . . Scrap Searched 15 | . . 11 . 4 . . . . . . . . . . . . . . . Spaces Dug 301 | . 2 4 10 . 83 . 20 1 29 13 . . 4 42 . 29 17 35 12 Terrain Destroyed 602 | . 66 27 38 . 132 . 20 1 29 87 . . 4 43 . 29 52 62 12 Melee 274 | . 2 4 . . 70 . 20 1 29 13 . . 4 39 . 29 17 34 12 Projectile 6 | . . 1 . . . . . . . . . . . 4 . . . 1 . AOE 322 | . 64 22 38 . 62 . . . . 74 . . . . . . 35 27 . Terrain Rammed . | . . . . . . . . . . . . . . . . . . . . Walls Destroyed . | . . . . . . . . . . . . . . . . . . . . Machines Disabled . | . . . . . . . . . . . . . . . . . . . . Actions | -11 -10 -10 -7 -7 -5 -5 -5 -5 -5 -5 -5 -5 -5 -4 -4 -4 -4 -3 -3 --------- Run | Yrd Mat Sub Rec Scr Fac Was Fac Gar Fac Ext Cet Arc Hub Fac Was Fac Gar Res Arm Total 18861 | 74 1123 1632 321 1548 2338 61 1414 167 1813 1154 128 98 317 2315 58 1789 462 1459 590 Wait 2468 | . 261 69 . 2 134 . 96 20 297 438 11 . 4 297 . 596 87 98 58 Move 15244 | 55 765 1413 310 1504 2028 60 1263 134 1448 633 110 89 297 1901 57 1125 335 1245 472 Hop 108 | . . . . . 17 . 11 1 10 7 1 . 7 24 1 2 1 18 8 Pick Up 81 | 4 6 4 . 18 4 . 5 . 6 1 . 1 . 10 . 7 1 8 6 Fast Attach 79 | 6 3 7 2 9 14 1 4 1 1 3 . 1 . 8 . 2 . 14 3 Attach 53 | . 4 1 . 1 10 . 3 . 3 3 . . 2 4 . 1 2 9 10 Detach 19 | . 1 1 . 2 6 . . . . 1 . . 1 . . 1 . 5 1 Swap 72 | 1 5 17 . 3 3 . 3 1 9 5 1 2 . 9 . 2 4 7 . Drop 77 | . 1 20 2 9 8 . 4 1 5 2 . 1 . 6 . 8 . 7 3 Fire 177 | 8 64 52 7 . 4 . . . . 31 . . . 4 . . 3 4 . Melee 436 | . 13 35 . . 87 . 25 9 34 30 5 4 4 52 . 45 27 41 25 Ram 4 | . . . . . . . . . . . . . . . . . . . 4 Kick . | . . . . . . . . . . . . . . . . . . . . Crush . | . . . . . . . . . . . . . . . . . . . . Escape Stasis 8 | . . . . . 6 . . . . . . . . . . . 2 . . Rewire 17 | . . . . . 17 . . . . . . . . . . . . . . Trap 3 | . . . . . . . . . . . . . . . . . . 3 . Miscellaneous 15 | . . 13 . . . . . . . . . . 2 . . . . . . Route ------- -11/Scrapyard -10/Materials (discovered 6 exits: [*Mat x3] / [*Min x2] / *Sub) -10/Subcaves (discovered 3 exits: Mat x2 / *Rec) -7/Recycling (discovered 2 exits: *Fac / *Scr) -7/Scraptown (discovered 2 exits: *Fac x2) -5/Factory (discovered 3 exits: Fac / Upp / Ext) -5/Waste -5/Factory (discovered 7 exits: *Fac x2 / *Upp x2 / Ext x2 / Gar) -5/Garrison (discovered 3 exits: *Fac x3) -5/Factory (discovered 8 exits: *Fac x4 / *Upp x2 / *Ext x2) -5/Extension (discovered 3 exits: *Fac x2 / *Cet) -5/Cetus -5/Archives -5/Hub_04(d) -4/Factory (discovered 5 exits: *Res x3 / *Upp x2) -4/Waste -4/Factory (discovered 5 exits: *Res x3 / *Upp / Gar) -4/Garrison (discovered 2 exits: *Res x2) -3/Research (discovered 6 exits: *Res x3 / *Arm / Tes x2) -3/Armory History --------- Turn | Location | Event 8 | -11/Scrapyard | Discovered new exit (range 15) 82 | -11/Scrapyard | Entered Materials 260 | -10/Materials | Discovered new exit (range 16) 308 | -10/Materials | Build established: Mutant 320 | -10/Materials | Discovered new exit (range 5) 336 | -10/Materials | Discovered new exit (range 9) 383 | -10/Materials | Discovered new exit (range 9) 704 | -10/Materials | Lost 3 parts (1n2w) 901 | -10/Materials | Discovered new exit (range 15) 1234 | -10/Materials | Loaded intel: 5 trap records 1264 | -10/Materials | Discovered new exit (range 16) 1401 | -10/Materials | Learned 2 Mines zone layouts 1435 | -10/Materials | Learned location of Recycling (-7) 1496 | -10/Materials | Learned location of 2 exits from Subcaves 1627 | -10/Materials | Entered Subcaves 1628 | -10/Subcaves | Identified exit to Materials 1629 | -10/Subcaves | Identified exit to Recycling 1635 | -10/Subcaves | Learned location of 1 exit from Materials 1682 | -10/Subcaves | Learned 2 Materials zone layouts 1733 | -10/Subcaves | Visited Clippyterm 1736 | -10/Subcaves | Learned Research security intel 2112 | -10/Subcaves | Core integrity fell below 50% 2218 | -10/Subcaves | Shifting Twisted Machinery released Sub. Optics 2225 | -10/Subcaves | A swath of the cavern ceiling suddenly collapsed 2225 | -10/Subcaves | Shifting Twisted Machinery released Spk. Treads 2315 | -10/Subcaves | Learned location of Zion (-6) 2315 | -10/Subcaves | Met a Zionite searching for "candidates" 3055 | -10/Subcaves | Visited 4L-MR0's lab 3347 | -10/Subcaves | Core integrity fell below 20% 3675 | -10/Subcaves | Found Flightbrick 3910 | -10/Subcaves | Entered Recycling 4624 | -7/Recycling | Discovered new exit (range 5) 4674 | -7/Recycling | Scanned before Scraplab entrance 4711 | -7/Recycling | Entered Scraplab 4731 | -7/Recycling | Discovered new exit (range 2) 4734 | -7/Recycling | Entered Scraptown 4828 | -7/Scraptown | Learned location of Extension (-5) 4872 | -7/Scraptown | Visited Red Mages 4914 | -7/Scraptown | Visited CR-KLE's Repair Center 4945 | -7/Scraptown | Visited Science Testing Area 5007 | -7/Scraptown | Scanned Subdweller tech in exchange for log data 5015 | -7/Scraptown | Learned location of Quarantine (-2) 5101 | -7/Scraptown | Discovered new exit (range 13) 5392 | -7/Scraptown | Received an X-ray algorithm 5431 | -7/Scraptown | Ran an X-ray algorithm 5786 | -7/Scraptown | Visited UFD Registry 5786 | -7/Scraptown | Registered with UFD as "Iontank" 5807 | -7/Scraptown | Visited Artisan Demo Area 6108 | -7/Scraptown | Delivered Scrap Shield to a Scientist 6236 | -7/Scraptown | Visited A0-MCA Data Center 6267 | -7/Scraptown | Visited Curators Association 6350 | -7/Scraptown | Visited Science Guys 6436 | -7/Scraptown | Visited DA-N13 Charitable Foundation 6459 | -7/Scraptown | Found DCF Scrap (31 items) 6534 | -7/Scraptown | Visited Observation Area 6553 | -7/Scraptown | Visited LU-1G1's Boring Crew 6576 | -7/Scraptown | Visited Chapter 10 6592 | -7/Scraptown | Visited Botcube Research 6600 | -7/Scraptown | Found Lrg. Botcube 6617 | -7/Scraptown | Visited Abandonware Association 6629 | -7/Scraptown | Learned abandonware demo "ERRANTS.EXE" 6629 | -7/Scraptown | Learned abandonware demo "REVENGE.EXE" 6668 | -7/Scraptown | Visited Research Penetration Think Tank 6735 | -7/Scraptown | Build established: Derelict-Mutant 6832 | -7/Scraptown | Given a B+ rating by A0-MCA 6837 | -7/Scraptown | Found A0-MCA's Component Scanner 6915 | -7/Scraptown | Visited Shadow of the Wyrm 6939 | -7/Scraptown | Visited SPCMW 7152 | -7/Scraptown | CR-KLE repaired 4 parts 7219 | -7/Scraptown | Visited Awakened 7345 | -7/Scraptown | Discovered new exit (range 3) 7407 | -7/Scraptown | Met Optimus 7407 | -7/Scraptown | Accepted into 0bPrime 7468 | -7/Scraptown | Entered Factory 7468 | -5/Factory | Evolved 10 slots: Power x1, Propulsion x5, Utility x4 7475 | -5/Factory | Attached Flightbrick, gained temporary slots: Utility x3 7808 | -5/Factory | Build established: Hacker-Mutant 7811 | -5/Factory | Loaded intel: 8 recycling unit locations 7903 | -5/Factory | Learned location of Protoforge (-2) 8068 | -5/Factory | First assault squad dispatched 8180 | -5/Factory | Learned 4 Upper Caves zone layouts 8227 | -5/Factory | Build established: Hacker-Sprinter 8248 | -5/Factory | Identified exit to Upper Caves 8248 | -5/Factory | Identified exit to Factory 8306 | -5/Factory | Learned Extension machine intel 8356 | -5/Factory | Identified exit to Extension 8368 | -5/Factory | Search patrols dispatched 8398 | -5/Factory | Learned Extension emergency access door positions 8452 | -5/Factory | Learned location of 1 exit from Extension 8548 | -5/Factory | Manually triggered Chute Trap 8548 | -5/Factory | Sucked down chute 8548 | -5/Factory | Entered Waste 8554 | -5/Waste | Spotted C-40 Crusher 8558 | -5/Waste | Spotted C-40 Crusher 8562 | -5/Waste | Spotted C-40 Crusher 8563 | -5/Waste | EMP discharged 8563 | -5/Waste | Spotted C-40 Crusher 8564 | -5/Waste | Discovered new exit (range 10) 8568 | -5/Waste | Identified exit to Factory 8569 | -5/Waste | Entered Factory 8592 | -5/Factory | Loaded intel: 8 recycling unit locations 8608 | -5/Factory | Discovered exit to Factory (range 5) 8632 | -5/Factory | Discovered exit to Upper Caves (range 15) 8794 | -5/Factory | Repaired Nuclear Pulse Thruster 8803 | -5/Factory | Build established: Hacker-Scout 8925 | -5/Factory | Central database locked down 8925 | -5/Factory | Discovered exit to Factory (range 11) 8982 | -5/Factory | Learned location of 1 exit from Proximity Caves 9029 | -5/Factory | Learned location of 2 exits from Upper Caves 9067 | -5/Factory | Learned Factory recycling unit intel 9077 | -5/Factory | Fabricated Exp. Signal Interpreter (x1) 9112 | -5/Factory | Learned location of Upper Caves (-5) 9165 | -5/Factory | Identified exit to Garrison 9177 | -5/Factory | Entered Garrison 9177 | -5/Garrison | Accompanied by 4 allies 9178 | -5/Garrison | Identified exit to Factory 9187 | -5/Garrison | Discovered exit to Factory (range 44) 9187 | -5/Garrison | Discovered exit to Factory (range 57) 9187 | -5/Garrison | Discovered exit to Factory (range 60) 9201 | -5/Garrison | H-XX Assembler disabled 9233 | -5/Garrison | Triggered checkpoint 9240 | -5/Garrison | Spotted B-75 Beast 9243 | -5/Garrison | Triggered checkpoint 9267 | -5/Garrison | Installed Relay Interface Framework 9270 | -5/Garrison | Entered Factory 9271 | -5/Factory | Loaded intel: 8 recycling unit locations 9385 | -5/Factory | Fabricated Lrn. Sensor Array (x2) 9392 | -5/Factory | Loaded intel: 8 recycling unit locations 9497 | -5/Factory | Discovered exit to Factory (range 5) 9584 | -5/Factory | Discovered exit to Upper Caves (range 6) 9635 | -5/Factory | Central database locked down 9882 | -5/Factory | Discovered exit to Factory (range 4) 10088 | -5/Factory | Learned location of 2 exits from Research 10097 | -5/Factory | Learned Research trap positions 10098 | -5/Factory | Learned location of 1 exit from Extension 10099 | -5/Factory | Learned 2 Armory zone layouts 10101 | -5/Factory | Learned Research fabricator intel 10168 | -5/Factory | Fabricated G-50 Soldier? 10205 | -5/Factory | Entered Extension 10205 | -5/Extension | Accompanied by 3 allies 10208 | -5/Extension | Loaded intel: 38 machine locations 10314 | -5/Extension | Lost 4 allies 10331 | -5/Extension | Rescued a captive Derelict 10331 | -5/Extension | Rescued a captive Derelict 10342 | -5/Extension | Rescued A7 10346 | -5/Extension | Loaded intel: 1 recycling unit location 10350 | -5/Extension | Rescued a captive Derelict 10351 | -5/Extension | Rescued a captive Derelict 10363 | -5/Extension | Energy Cycler disabled 10364 | -5/Extension | Rescued a captive Derelict 10365 | -5/Extension | Rescued a captive Derelict 10366 | -5/Extension | Rescued a captive Derelict 10366 | -5/Extension | Rescued a captive Derelict 10366 | -5/Extension | Rescued a captive Derelict 10366 | -5/Extension | Rescued a captive Derelict 10368 | -5/Extension | Rescued a captive Derelict 10375 | -5/Extension | Rescued a captive Derelict 10528 | -5/Extension | Lost 3 allies 10588 | -5/Extension | Spotted B-75 Beast 10675 | -5/Extension | Build established: Commander-Scout 10702 | -5/Extension | Spotted B-75 Beast 10715 | -5/Extension | Extracted ID and sensor layout for unrecognized location from A7's data core 10756 | -5/Extension | Lost 9 allies 10896 | -5/Extension | Lost 4 allies 10976 | -5/Extension | Discovered new exit (range 6) 10979 | -5/Extension | Identified exit to Cetus 10980 | -5/Extension | Entered Cetus 10989 | -5/Cetus | Spotted Cetus Guard 10990 | -5/Cetus | Spotted Cetus Guard 10991 | -5/Cetus | Spotted Cetus Guard 11001 | -5/Cetus | Spotted Cetus Guard 11029 | -5/Cetus | Found a strange terminal 11035 | -5/Cetus | Discovered new exit (range 16) 11039 | -5/Cetus | Identified exit to Archives 11039 | -5/Cetus | Entered Archives 11043 | -5/Archives | Met Zhirov 11045 | -5/Archives | Unable to access archive contents 11049 | -5/Archives | Reinforcements dispatched to Archives 11050 | -5/Archives | Read partially decrypted archive contents 11051 | -5/Archives | Discovered new exit (range 13) 11080 | -5/Archives | Identified exit to Hub_04(d) 11082 | -5/Archives | Entered Hub_04(d) 11130 | -5/Hub_04(d) | Crushed by falling debris 11188 | -5/Hub_04(d) | Identified exit to Garrison 11195 | -5/Hub_04(d) | Network Hub disabled 11197 | -5/Hub_04(d) | Discovered exit to Factory (range 15) 11197 | -5/Hub_04(d) | Spotted Lightning 11197 | -5/Hub_04(d) | Spotted Lightning 11197 | -5/Hub_04(d) | Spotted Lightning 11201 | -5/Hub_04(d) | Entered Factory 11201 | -4/Factory | Evolved 2 slots: Propulsion x1, Utility x1 11249 | -4/Factory | Lost 3 parts (1p1u1w) 11252 | -4/Factory | Discovered new exit (range 8) 11255 | -4/Factory | Identified exit to Upper Caves 11299 | -4/Factory | Repaired Lrn. Sensor Array 11369 | -4/Factory | Fabricated Exp. Propulsion Shielding? 11394 | -4/Factory | Loaded intel: 8 recycling unit locations 11428 | -4/Factory | Spotted B-86 Titan 11433 | -4/Factory | Build established: Hacker-Ninja 11504 | -4/Factory | Noticed UFD Elites at a Recycling Unit 11519 | -4/Factory | Discovered new exit (range 9) 11521 | -4/Factory | Identified exit to Research 11641 | -4/Factory | Spotted B-86 Titan 11727 | -4/Factory | Discovered exit to Research (range 12) 11758 | -4/Factory | Repaired Lgt. Angular Momentum Engine 11846 | -4/Factory | Fabricated G-50 Soldier (x3) 11956 | -4/Factory | Learned location of 1 exit from Testing 12076 | -4/Factory | Fabricated Exp. Propulsion Shielding (x1) 12076 | -4/Factory | Learned location of 2 exits from Upper Caves 12118 | -4/Factory | Loaded intel: 4 garrison access locations 12170 | -4/Factory | Learned location of 2 exits from Proximity Caves 12228 | -4/Factory | Learned location of 1 exit from Proximity Caves 12305 | -4/Factory | Manually triggered Chute Trap 12305 | -4/Factory | Sucked down chute 12305 | -4/Factory | Entered Waste 12308 | -4/Waste | Spotted C-40 Crusher 12309 | -4/Waste | Spotted C-40 Crusher 12310 | -4/Waste | Spotted C-40 Crusher 12311 | -4/Waste | Spotted C-40 Crusher 12317 | -4/Waste | Spotted C-40 Crusher 12320 | -4/Waste | EMP discharged 12321 | -4/Waste | Discovered new exit (range 16) 12321 | -4/Waste | Spotted C-40 Crusher 12326 | -4/Waste | Identified exit to Factory 12326 | -4/Waste | Entered Factory 12364 | -4/Factory | Spotted B-86 Titan 12400 | -4/Factory | Found Exp. Terrain Scan Processor 12441 | -4/Factory | Loaded intel: 8 recycling unit locations 12609 | -4/Factory | Discovered exit to Upper Caves (range 16) 12837 | -4/Factory | Discovered exit to Research (range 13) 12853 | -4/Factory | Identified exit to Garrison 12974 | -4/Factory | Learned location of 1 exit from Upper Caves 13041 | -4/Factory | Loaded intel: 193 non-interactive machine locations 13145 | -4/Factory | Learned Testing scanalyzer intel 13182 | -4/Factory | Learned location of 1 exit from Research 13209 | -4/Factory | Learned Quarantine emergency access door positions 13245 | -4/Factory | Learned Research stockpile data 13293 | -4/Factory | Loaded intel: 65 trap records 13351 | -4/Factory | Learned Quarantine stockpile data 13426 | -4/Factory | Entered Garrison 13481 | -4/Garrison | Garrison Relay disabled 13503 | -4/Garrison | Triggered checkpoint 13531 | -4/Garrison | Spotted B-86 Titan 13642 | -4/Garrison | Triggered checkpoint 13673 | -4/Garrison | Triggered checkpoint 13676 | -4/Garrison | Triggered checkpoint 13676 | -4/Garrison | Triggered checkpoint 13677 | -4/Garrison | Crushed by falling debris 13677 | -4/Garrison | System corruption reached 10% 13699 | -4/Garrison | Entered Research 13699 | -3/Research | Evolved 2 slots: Utility x2 13700 | -3/Research | Identified exit to Armory 13701 | -3/Research | Identified exit to Testing 13701 | -3/Research | Identified exit to Research 13702 | -3/Research | Loaded intel: 86 trap records 13705 | -3/Research | Loaded intel: 4 fabricator locations 13722 | -3/Research | Lost 8 parts (1p2n5u) 13933 | -3/Research | Discovered exit to Research (range 15) 13980 | -3/Research | Discovered exit to Research (range 11) 14037 | -3/Research | Loaded intel: 5 recycling unit locations 14159 | -3/Research | Scrapoid reinforcements arrived 14270 | -3/Research | Fabricated Exp. Signal Interpreter (x1) 14285 | -3/Research | Build established: Infiltrator-Ninja 14357 | -3/Research | Entered Armory 14387 | -3/Armory | Lost 5 parts (1p1n1u2w) 14563 | -3/Armory | Core integrity fell below 50% 14587 | -3/Armory | Spotted B-86 Titan 14604 | -3/Armory | Scrapoids reinforcements arrived? 14627 | -3/Armory | Core integrity fell below 20% 14649 | -3/Armory | Destroyed by C-35 Carver with Carbide Saw Last Messages --------------- 14618_ C-35 Carver Imp. Surge Thruster severed. 14621_ System corrupted: Matter fused (-10). 14623_ Sml. Battery destroyed. 14623_ Lrn. Sensor Array destroyed. 14630_ C-35 Carver destroyed. 14631_ Acquired 28 matter. 14634_ Acquired Imp. Surge Thruster. 14635_ Imp. Surge Thruster destroyed. 14638_ Chainsword destroyed. 14639_ Slammed into P-80 Master. 14640_ Acquired Carbide Saw. 14641_ Carbide Saw destroyed. 14647_ Slammed into Y-72 Warden. 14647_ Destabilizing: System interference. 14647_ Adv. Signal Interpreter temporarily disabled. 14648_ Slammed into Y-72 Warden. 14649_ Penetrated by Slug. 14649_ Imp. Utility Shielding destroyed. 14649_ Slammed into Y-72 Warden. Map ----- +----------------------------------------------------+ | ?????????????????????????????????????????????????? | | ?????????????????????????????????????????????????? | | ??????????????????????????????#################### | | ?????????????????????????????? ## | | ?????????????????????????????? """ ## | | ?????????????????????????????? """ ## """ """ | | ?????????????????????????????? """ ## """ """ | | ?????????????????????????????? ## """ """ | | ?????????????????????????????? ## | | ??????????????????????????????###+######## | | ?????????????????????????????? ##############+# | | ?????????????????????????????? | | ??????????????????????????????## | | ????????????????????????######## """ """ """ | | ????????????????????????# # """ """ """ | | ????????????????????????# # """ """ """ | | ????????????????????????# # """ """ """ | | ????????????????????????# # """ """ """ | | ????????????????????????# # """ "?????????? | | ????????????????????????# # """ ??????????? | | ????????????????????????# !# ???????????? | | ????????????????????????#p"""" # ????????????? | | ????????????????????????# "??" # ?????????????? | | ????????????????????????# "??" # #???#####??????? | | ????????????????????????#c"??" # #??## ######## | | ????????????????????????#@"??" + #### ! !!" # | | ????????????????????????#Y # !!="## | | ????????????????????????# # #### =!%" | | ????????????????????????######## #??# *!/"## | | ???????????????????????????????# #???# " !##? | | ???????????????????????????????# #???# "" F"" #?? | | ???????????????????????????????# #???# """""" #?? | | ???????????????????????????????# #???# """" #?? | | ???????????????????????????????# #???# !"?? | | ???????????????????????????????# #???#####+#### | | ???????????????????????????????# ???? | | ???????????????????????????????# ???? | | ???????????????????????????????# #??????# """ | | ???????????????????????????????? ???????# ?""F"" | | ???????????????????????????????? ???????????" "" | | ???????????????????????????????? ?????????? | | ??????????????????????????????????????????? | | ?????????????????????????????????????????? ###### | | ?????????????????????????????????????????????????? | | ?????????????????????????????????????????????????? | | ?????????????????????????????????????????????????? | | ?????????????????????????????????????????????????? | | ?????????????????????????????????????????????????? | | ?????????????????????????????????????????????????? | | ?????????????????????????????????????????????????? | +----------------------------------------------------+ Best States ------------- Heat Dissipation 46 Energy Generation 35 Energy Capacity 250 Matter Stores 300 Matter Capacity 300 Sight Range 16 Robot Scan Range 18 Terrain Scan Range 14 Terrain Scan Density 110 ECM Strength 2 Cloak Strength 2 Additional Mass Support 6 Corruption Containment 12 Armor Coverage 800 Propulsion Shielding 90 Utility Shielding 66 Weapon Shielding 66 Evasion (%) 70 Recoil Reduction 1 Offensive Hacking 42 Defensive Hacking 12 Authchip Count 2 Item Schematics ----------------- Cesium-ion Thruster | -5/Factory | Hacked Imp. Phase Shifter | -5/Factory | Hacked Nuclear Pulse Array | -5/Factory | Scanalyzed CPS Tube | -5/Factory | Scanalyzed Smartbomb Launcher | -5/Factory | Scanalyzed Scythe | -5/Factory | Extracted Exp. Signal Interpreter | -5/Factory | Hacked Exp. Propulsion Shielding | -5/Factory | Hacked Lgt. Nuclear Core | -5/Factory | Scanalyzed Adv. Datajack | -5/Factory | Hacked Adv. Cooling System | -5/Factory | Hacked Imp. Focal Shield | -5/Factory | Hacked Adv. Corruption Screen | -5/Factory | Hacked Lrn. Sensor Array | -5/Factory | Hacked Adv. System Restoration Module | -5/Factory | Scanalyzed Adv. Power Amplifier | -5/Factory | Hacked Adv. Shield Generator | -5/Factory | Hacked Adv. Remote Force Field | -5/Extension | Hacked Exp. Utility Shielding | -5/Extension | Hacked Nanoactuators | -4/Factory | Scanalyzed Adv. Transmission Jammer | -4/Factory | Scanalyzed Q-thruster | -4/Factory | Hacked Graphene Brace | -4/Factory | Hacked Adv. Reaction Control System | -4/Factory | Scanalyzed Stasis Canceller | -4/Factory | Scanalyzed ECM Suite | -4/Factory | Scanalyzed Com. HERF Cannon | -4/Factory | Hacked Robot Schematics ------------------ R-10 Processor | -5/Factory | Hacked M-28 Smith | -5/Extension | Hacked Fabricated ------------ Exp. Signal Interpreter | x1 | -5/Factory | Authchip Lrn. Sensor Array | x2 | -5/Factory | Authchip G-50 Soldier | x3 | -5/Factory | Preloaded Exp. Propulsion Shielding | x1 | -4/Factory | Authchip G-50 Soldier | x3 | -4/Factory | Preloaded Exp. Propulsion Shielding | x1 | -4/Factory | Authchip Exp. Signal Interpreter | x1 | -3/Research | Authchip Repaired ---------- Nuclear Pulse Thruster | 46% | -5/Factory Lrn. Sensor Array | 18% | -4/Factory Lgt. Angular Momentum Engine | 20% | -4/Factory Alien Tech Used ----------------- None Achievements -------------- None Challenges ------------ None Game ------ Seed MassMiniReconstructor Manual? 0 Play Time 03:31:21 Cumulative 505.2 hours Start 2025.09.01 @ 11:21:47 End 2025.09.01 @ 14:59:03 Sessions 1 Manual Loads 0 Difficulty Rogue Special Mode None Game No. 217 Rogue 217 Adventurer 0 Explorer 0 Win Type - Total 34 Types 14/2/6/2/5/1/0/2/0/2 Lore% 95 Gallery% 87 Achievement% 80 Wizard Run 0 Options --------- Layout 1 ASCII 0 Keyboard 0 Movement Numpad Keybinds 0 Fullscreen 1 Font 24/Smallcaps Map View 50x35 Zoom Use 0% Tactical HUD 1 Map Filters NONE Filters NONE Steam 1 RUN: 193de9d4-e03b-4efc-b6e7-fa42d54791c6